 Dungeon Crawl Stone Soup version 0.18.1-5-g4a78601 (webtiles) character file.

19912 Tibison the Cleaver (level 12, -15/110 HPs)
             Began as a Minotaur Berserker on May 4, 2016.
             Was a High Priest of Trog.
             Blown up by an orb spider (28 damage)
             ... with an orb of destruction
             ... on level 1 of the Spider Nest on May 9, 2016.
             The game lasted 01:16:37 (13247 turns).

Tibison the Cleaver (Minotaur Berserker)           Turns: 13247, Time: 01:16:38

Health: -15/110    AC: 19    Str: 25    XL:     12   Next: 40%
Magic:  0/3        EV: 22    Int:  4    God:    Trog [*****.]
Gold:   617        SH:  0    Dex: 15    Spells: 0 memorised, 11 levels left

rFire  . . .     SeeInvis .     D - +4 battleaxe (antimagic)
rCold  + . .     Gourm    .     y - +4 ring mail {rC+}
rNeg   . . .     Faith    .     (shield currently unavailable)
rPois  .         Spirit   +     (helmet restricted)
rElec  .         Dismiss  .     q - +0 cloak
rCorr  .         Reflect  .     s - +1 pair of gloves {Dex+3}
SustAt .         Harm     .     P - +2 pair of boots
MR     +++..                    B - amulet of guardian spirit
Stlth  +.........               n - ring of protection from magic
                                Z - +4 ring of evasion

@: about to teleport, regenerating, extremely resistant to hostile enchantments,
very unstealthy
A: retaliatory headbutt, horns 2
a: Berserk, Trog's Hand, Brothers in Arms, Burn Spellbooks, Renounce Religion


You were on level 1 of the Spider Nest.
You worshipped Trog.
Trog was extremely pleased with you.
You were not hungry.

You visited 3 branches of the dungeon, and saw 15 of its levels.

You collected 832 gold pieces.
You spent 215 gold pieces at shops.

Inventory:

Hand Weapons
 a - a +2 hand axe
 b - a +2 antimagic hand axe
 d - a +2 flail of crushing
 e - a +0 blowgun
 z - a +0 dire flail
 D - a +4 antimagic battleaxe (weapon)
 K - a +0 executioner's axe
Missiles
 i - 66 poisoned needles
Armour
 q - a +0 cloak (worn)
 s - a +1 pair of gloves of dexterity (worn)
 y - a +4 ring mail of cold resistance (worn)
 C - the +4 robe of the Turtledove {rC+ Dex+4, unknown}
   (You found it on level 6 of the Dungeon)

   It affects your dexterity (+4).
   It protects you from cold.
 G - a +0 shield
 M - a +0 plate armour
 P - a +2 pair of boots (worn)
 V - a +2 robe of fire resistance
Jewellery
 n - a ring of protection from magic (right hand)
 B - an amulet of guardian spirit (around neck)
 H - an uncursed ring of flight
 R - an uncursed ring of protection from cold
 Z - a +4 ring of evasion (left hand)
Wands
 h - a wand of flame (12/48)
 x - a wand of lightning (7/15)
 E - a wand of acid (8/15)
 F - a wand of iceblast (5/15)
 I - a wand of paralysis (12/24)
 L - a wand of flame (28/48)
 N - a wand of confusion (7/48)
 U - a wand of lightning (9/15)
 Y - a wand of disintegration (10/24)
Scrolls
 c - 2 scrolls of immolation {unknown}
 f - 3 scrolls of magic mapping
 g - a scroll of remove curse
 k - 3 scrolls of fear
 u - a scroll of teleportation
 v - 2 scrolls of vulnerability
 J - 2 scrolls of blinking
 W - a scroll of silence {unknown}
 X - a scroll of recharging {unknown}
Potions
 j - a potion of haste {unknown}
 m - 3 potions of brilliance {unknown}
 t - 3 potions of curing
 w - a potion of resistance
 T - a potion of berserk rage
Miscellaneous
 p - a crystal ball of energy
 r - a disc of storms
Comestibles
 l - 4 beef jerkies
 o - a bread ration
 A - 2 slices of pizza
 O - 14 fruits
 Q - 4 meat rations


   Skills:
 + Level 11.0 Fighting
 + Level 12.9 Axes
 + Level 0.4 Throwing
 + Level 11.0 Armour
 + Level 10.6 Dodging
 + Level 2.8 Stealth
 + Level 9.1 Shields
 + Level 1.1 Evocations


You had 11 spell levels left.
You didn't know any spells.

Dungeon Overview and Level Annotations

Branches:
Dungeon (10/15)            Temple (0/1) D:4            Lair (4/8) D:10
 Spider (1/4) Lair:4
  Swamp: Lair:3-6    Shoals: Lair:3-6       Orc: D:9-12

Altars:
Ashenzari
Cheibriados
Dithmenos
Elyvilon
Makhleb
Nemelex Xobeh
Okawaru
Pakellas
Ru
Trog
Xom
Yredelemnul
The Shining One

Shops:
D:4 ?   D:6 *   D:10 %


Innate Abilities, Weirdness & Mutations

You reflexively headbutt those who attack you in melee.
You have a pair of horns on your head.


Message History

The orb spider is lightly wounded.
The orb spider begins to weave its threads into a brightly glowing ball.
The orb spider weaves a glowing orb of energy.
An orb of destruction comes into view.
The redback bites you!
* * * LOW HITPOINT WARNING * * *
The orb spider weaves a glowing orb of energy.
The redback completely misses you.
An orb of destruction comes into view.
You see here 26 gold pieces.
Read which item? (? for menu, Esc to quit)
As you read the scroll of teleportation, it crumbles to dust.
You feel strangely unstable. The redback completely misses you.
You furiously retaliate!
You headbutt the redback.
The orb spider spins a strand of pure energy.
The orb of destruction hits the redback.
The redback is blown up!
A redback comes into view.
The orb of destruction hits you!
You die...

..#...........................##.
...#.............................
....#.......>......s.....##......
....#.................#..####....
..).........#..s.§§.......# #....
...............§.§........###....
.............#..§..........##....
.......^........§.....^.^#.#....#
..#.............@.....##....^....
.###.....................#...†...
## ....^......[#..#..........†...
# .........##.....##.............
#.........#.......#...^.........
..................#.............
.........................#..##...
...s....................
..........#..


You could see 2 orb spiders and a redback (sleeping).

Vanquished Creatures
  A hydra (Lair:4)
  Erolcha (D:8)
  The ghost of tstbtto the Cleaver, a novice DrBe of Trog (D:10)
  The ghost of rezek the Basher, a novice KoAs of Pakellas (D:9)
  A hill giant (D:10)
  4 wolf spiders (Spider:1)
  Joseph (D:8)
  A centaur zombie (D:7)
  A spiny frog (Lair:1)
  A demonic crawler (Spider:1)
  A komodo dragon (Lair:3)
  4 jumping spiders
  A two-headed ogre (D:8)
  5 blink frogs (Lair:1)
  Prince Ribbit (D:6)
  4 tarantellas (Spider:1)
  8 redbacks (Spider:1)
  A basilisk (Lair:3)
  13 yaks
  5 hippogriffs
  The ghost of braks the Grave Robber, an amateur HONe (D:3)
  A hungry ghost (D:10)
  6 water moccasins
  3 porcupines
  4 sky beasts
  A black bear (D:7)
  5 ice beasts
  An ogre (D:10)
  A necrophage (D:7)
  10 wolves
  3 centaurs
  2 crocodiles
  3 big kobolds
  Blork the orc (D:6)
  6 giant frogs
  3 gnoll sergeants (D:7)
  A scorpion (D:7)
  7 killer bees
  A howler monkey (D:10)
  5 crimson imps
  7 hounds
  3 gnoll shamans (D:7)
  An orc priest (D:3)
  4 orc wizards
  A centaur skeleton (D:6)
  2 iguanas
  7 worker ants
  A sheep (Lair:3)
  A killer bee zombie (D:9)
  A hound zombie (D:9)
  8 gnolls
  5 river rats (Lair:1)
  8 adders
  4 shadow imps
  2 adder skeletons
  3 adder zombies
  4 dart slugs (D:1)
  4 giant geckos
  35 orcs
  4 ball pythons
  5 giant cockroaches (D:1)
  6 goblins
  16 hobgoblins
  14 jackals
  3 quokkas
  A ball python skeleton (D:4)
  6 bats
  A giant gecko skeleton (D:6)
  A giant gecko zombie (D:6)
  6 giant newts
  15 kobolds
  7 rats
  3 fungi
  A plant (D:8)
311 creatures vanquished.

Vanquished Creatures (collateral kills)
  A hydra (Lair:4)
  4 orc warriors (D:10)
  5 wolves
  A centaur (D:8)
  2 giant frogs
  5 killer bees (D:8)
  An iguana (Lair:3)
  7 orcs (D:10)
26 creatures vanquished.

Vanquished Creatures (others)
  A redback (Spider:1)
  4 fungi
  A plant (D:10)
6 creatures vanquished.

Grand Total: 343 creatures vanquished

Notes
Turn   | Place    | Note
--------------------------------------------------------------
     0 | D:1      | Tibison the Minotaur Berserker began the quest for the Orb.
     0 | D:1      | Reached XP level 1. HP: 19/19 MP: 0/0
    82 | D:1      | Found a shattered altar of Ashenzari.
  1275 | D:1      | Reached XP level 2. HP: 27/27 MP: 1/1
  1315 | D:1      | Reached skill level 4 in Axes
  2025 | D:1      | Reached XP level 3. HP: 32/33 MP: 2/2
  2148 | D:2      | Reached ** piety under Trog
  2611 | D:2      | Reached XP level 4. HP: 35/41 MP: 3/3
  2734 | D:2      | Found a faded altar to an unknown god.
  2909 | D:3      | Noticed braks's ghost (amateur HONe)
  3046 | D:3      | Reached skill level 1 in Stealth
  3052 | D:3      | Reached *** piety under Trog
  3064 | D:3      | Reached XP level 5. HP: 20/47 MP: 4/4
  3442 | D:3      | Killed braks's ghost
  3442 | D:3      | Reached skill level 5 in Fighting
  3442 | D:3      | Reached skill level 5 in Axes
  3442 | D:3      | Reached XP level 6. HP: 31/56 MP: 5/5
  3634 | D:3      | Found a basalt altar of Yredelemnul.
  3635 | D:3      | Found a shimmering altar of Xom.
  3666 | D:3      | Found a burning altar of Makhleb.
  3802 | D:4      | Found a staircase to the Ecumenical Temple.
  3856 | D:4      | Found a sacrificial altar of Ru.
  4019 | D:4      | Found Kunwysho's Magic Scroll Boutique.
  4026 | D:4      | Bought a scroll of identify for 24 gold pieces
  4026 | D:4      | Bought a scroll of enchant weapon for 90 gold pieces
  4026 | D:4      | Bought a scroll of teleportation for 36 gold pieces
  4043 | D:4      | Reached skill level 5 in Dodging
  4051 | D:5      | Entered Level 5 of the Dungeon
  4130 | D:5      | Found a burning altar of Makhleb.
  4266 | D:5      | Found an iron altar of Okawaru.
  4528 | D:6      | Noticed Blork the orc
  4542 | D:6      | Killed Blork the orc
  4542 | D:6      | Reached XP level 7. HP: 45/61 MP: 6/6
  4629 | D:6      | Reached skill level 6 in Axes
  4800 | D:6      | Found Cykhlemme's General Store.
  4805 | D:6      | Noticed Prince Ribbit
  4809 | D:6      | Got a tattered robe
  4817 | D:6      | Killed Prince Ribbit
  5000 | D:6      | Reached **** piety under Trog
  5060 | D:6      | Found a shadowy altar of Dithmenos.
  5269 | D:7      | Reached skill level 5 in Armour
  5275 | D:7      | Reached XP level 8. HP: 69/69 MP: 7/7
  5281 | D:7      | Reached skill level 7 in Axes
  5851 | D:7      | Reached ***** piety under Trog
  5913 | D:7      | Reached skill level 8 in Axes
  6204 | D:7      | Reached XP level 9. HP: 79/79 MP: 8/8
  6261 | D:7      | Paralysed by a kobold for 2 turns
  7081 | D:8      | Noticed Joseph
  7096 | D:8      | Killed Joseph
  7096 | D:8      | Reached skill level 9 in Axes
  7096 | D:8      | Reached skill level 1 in Shields
  7209 | D:8      | Noticed Erolcha
  7224 | D:8      | Killed Erolcha
  7224 | D:8      | Reached XP level 10. HP: 42/88 MP: 3/9
  7460 | D:8      | Found a bloodstained altar of Trog.
  7460 | D:8      | Found an oddly glowing altar of Pakellas.
  7646 | D:8      | Reached skill level 10 in Axes
  7908 | D:9      | Noticed rezek's ghost (novice KoAs)
  7926 | D:9      | Killed rezek's ghost
  8115 | D:9      | Found a snail-covered altar of Cheibriados.
  8317 | D:9      | Found a glowing golden altar of the Shining One.
  8327 | D:9      | Found a sparkling altar of Nemelex Xobeh.
  8378 | D:9      | Found a white marble altar of Elyvilon.
  8414 | D:9      | Reached skill level 5 in Shields
  8422 | D:9      | Received a gift from Trog
  8633 | D:10     | Entered Level 10 of the Dungeon
  9069 | D:10     | Found a staircase to the Lair.
  9618 | D:10     | Noticed tstbtto's ghost (novice DrBe)
  9622 | D:10     | Found Caifoica's Food Emporium.
  9639 | D:10     | Killed tstbtto's ghost
  9639 | D:10     | Reached skill level 1 in Evocations
  9653 | D:10     | Bought a meat ration for 50 gold pieces
  9653 | D:10     | Bought a beef jerky for 15 gold pieces
  9792 | D:10     | Reached skill level 10 in Armour
  9870 | D:10     | Noticed a hill giant
  9891 | D:10     | Killed a hill giant
  9891 | D:10     | Reached skill level 11 in Axes
  9891 | D:10     | Reached XP level 11. HP: 60/97 MP: 0/10
 10279 | Lair:1   | Entered Level 1 of the Lair of Beasts
 10542 | Lair:3   | Reached skill level 10 in Fighting
 10578 | Lair:3   | Upgraded the game from 0.18-b1-22-ge198996 to 0.18.1-1-g2f07953
 10608 | Lair:3   | Upgraded the game from 0.18.1-1-g2f07953 to 0.18.1-5-g4a78601
 11207 | Lair:4   | Noticed a six-headed hydra
 11224 | Lair:4   | Killed a 14-headed hydra
 11224 | Lair:4   | Reached skill level 12 in Axes
 11283 | Lair:4   | Noticed a six-headed hydra
 11295 | Lair:4   | Killed a seven-headed hydra
 11787 | Lair:4   | Found a hole to the Spider Nest.
 11804 | Spider:1 | Entered Level 1 of the Spider Nest
 11804 | Spider:1 | Noticed a wolf spider
 11819 | Spider:1 | Killed a wolf spider
 11947 | Spider:1 | Noticed a wolf spider
 11961 | Spider:1 | Killed a wolf spider
 11961 | Spider:1 | Reached skill level 10 in Dodging
 11961 | Spider:1 | Reached XP level 12. HP: 58/107 MP: 3/11
 13094 | Spider:1 | Received a gift from Trog
 13247 | Spider:1 | Blown up by an orb spider

Skill      XL: |  1  2  3  4  5  6  7  8  9 10 11 12 |
---------------+-------------------------------------+-----
Fighting       | 4 5 7 8 9 10 11 | 11.0
Axes           | 4 5 6 8 9 11 12 | 12.9
Dodging        | 3 4 5 6 7 8 10 | 10.6
Stealth        | 1 2 |  2.8
Armour         | 3 5 6 8 10 11 | 11.0
Shields        | 2 6 8 9 |  9.1
Evocations     | 1 |  1.1
Throwing       | |  0.4

Action                   |  1- 3 |  4- 6 |  7- 9 | 10-12 || total
-------------------------+-------+-------+-------+-------++-------
Melee: Hand axe          |    78 |   121 |   270 |   499 ||   968
       Headbutt          |    10 |    20 |    60 |   158 ||   248
       Executioner's axe |       |       |       |    55 ||    55
       Battleaxe         |       |       |       |     3 ||     3
 Fire: Blowgun           |       |     1 |       |       ||     1
Invok: Berserk           |     1 |     3 |     4 |    11 ||    19
       Trog's Hand       |       |     1 |     1 |     7 ||     9
       Brothers in Arms  |       |       |       |     5 ||     5
       Burn Spellbooks   |       |       |       |     1 ||     1
 Abil: Evoke Flight      |       |       |     1 |       ||     1
Evoke: Wand              |       |       |       |     3 ||     3
  Use: Scroll            |     1 |     5 |     3 |    12 ||    21
       Potion            |       |     5 |     1 |     8 ||    14
 Stab: Sleeping          |     2 |       |       |       ||     2
  Eat: Bread ration      |     1 |     1 |     1 |       ||     3
       Chunk             |     2 |     5 |       |       ||     7
       Pizza             |       |     1 |       |       ||     1
       Meat ration       |       |       |     1 |     4 ||     5
       Fruit             |       |       |     1 |    19 ||    20
       Beef jerky        |       |       |       |     1 ||     1
       Royal jelly       |       |       |       |     1 ||     1
Armor: Animal skin       |     8 |       |       |       ||     8
       Robe              |     4 |    10 |       |       ||    14
       Chain mail        |       |    35 |       |       ||    35
       Ring mail         |       |     3 |    79 |   101 ||   183
       Plate armour      |       |       |    24 |   109 ||   133
       Skin              |       |       |       |    57 ||    57
Dodge: Dodged            |    61 |    66 |   164 |   370 ||   661
Block: Shield            |       |       |    18 |   283 ||   301
       Buckler           |       |       |     3 |       ||     3
